Unix NetHack Version 5.0.0-0 post-release - last build May  4 2026 22:22:43 (774f63e81ad911689b3a0859ea89b322d5daca8d,branch:main).

Game began 2026-05-05 20:33:42, ended 2026-05-05 21:21:34.

Derfel, chaotic female orcish Rogue

               -----                                ------------
               |...|                                |......(...|
               |...|            --------            |..........|
               |...|            |(.....|            |..........|        ------
               |....             .......            |...........########0....|
               |<..|               ....|            |.....>....|        |....|
               |...|                ...             ...........|       #-....|
               ---.-                 |              -----|------       #------
                 ####0###################                #             ##
                  ####################################  ##              #
                    ##           # ##               -|--.---            ###
                                ##                  |....x.|              #
                         ########                   |......|              #
                      ---.------------              |......|              #
                      ..d.......B....|              |...----     ---------#
                      |@.............|              |....#       |.......-#
                      |..............|              |...|########........|
                      |........).....|              -----        |.......|
                      ----------------                           ---------

Derfel the Cutpurse     St:13 Dx:18 Co:12 In:14 Wi:9 Ch:10  Chaotic
Dlvl:3  $:16 HP:0(20) Pw:7(7) AC:7  Xp:3 T:1722 

Latest messages:
 Restoring save file...
 Hello Derfel, the orcish Rogue, welcome back to NetHack!
 With great effort you move the boulder.
 You hear a monster behind the boulder.
 Perhaps that's why you cannot move it.
 You hear a monster behind the boulder.
 Perhaps that's why you cannot move it.
 You hear a monster behind the boulder.
 Perhaps that's why you cannot move it.
 You miss the yellow mold.
 You stagger...
 You feel a bit steadier now.
 In what direction? j
 You throw 2 orcish daggers.
 The 1st orcish dagger hits the yellow mold.
 You kill the yellow mold!
 You see here 2 +0 orcish daggers.
 o - 2 +0 orcish daggers (at the ready) (8 in total).
 That door is closed.
 This door is locked.
 Unlock it with your lock pick? [ynq] (q) y
 You succeed in picking the lock.
 The door opens.
 You kill the newt!
 You attack thin air.
 You hear water falling on coins.
 You hit the iguana!
 You kill the iguana!
 The goblin throws an orcish dagger!
 You are hit by an orcish dagger.
 The goblin misses!
 You hit the goblin.
 The goblin misses!
 You kill the goblin!
 You see here an orcish dagger.
 You learn more about your items by comparing them.
 o - a +0 orcish dagger (at the ready) (9 in total).
 You hit the gecko.
 You kill the gecko!
 You see here a crossbow.
 The little dog bites!
 What do you want to throw?
 Never mind.
 The little dog bites!
 The little dog bites!
 The little dog bites!
 The little dog bites!
 You die...
 Do you want your possessions identified? [ynq] (y) y
 Do you want to see your attributes? [ynq] (y) q

Inventory:
 Coins    ('$')
  $ - 16 gold pieces
 Weapons  (')')
  b - a +0 orcish dagger (alternate weapon; not wielded)
  o - 9 +0 orcish daggers (at the ready)
  a - a +0 orcish short sword (weapon in right hand)
 Armor    ('[')
  c - an uncursed +1 leather armor (being doffed)
 Comestibles  ('%')
  x - an uncursed food ration
  g - an uncursed tripe ration
 Scrolls  ('?')
  h - a cursed scroll of identify
  y - an uncursed scroll of light
  j - an uncursed scroll of scare monster
 Spellbooks  ('+')
  z - an uncursed spellbook of haste self
  k - an uncursed spellbook of magic missile
 Potions  ('!')
  A - a cursed potion of booze
  n - 2 uncursed potions of gain energy
  l - a blessed potion of healing
  m - a cursed potion of healing
  i - an uncursed potion of levitation
  u - a cursed potion of monster detection
  v - a blessed potion of object detection
  d - an uncursed potion of sickness
 Rings    ('=')
  w - a cursed ring of regeneration
 Wands    ('/')
  s - a wand of sleep (0:6)
 Tools    ('(')
  f - an empty uncursed sack
  t - a cursed tooled horn
  r - an uncursed credit card
  e - an uncursed lock pick
 Gems/Stones  ('*')
  B - an uncursed citrine stone
  q - an uncursed jade stone

Derfel the Rogue's attributes:

Background:
 You were a Cutpurse, a level 3 female orcish Rogue.
 You were chaotic, nominally on a mission for Kos
 who was opposed by Issek (lawful) and Mog (neutral).
 You were right-handed.
 You were in the Dungeons of Doom, on level 3.
 You entered the dungeon 1722 turns ago.
 You had 61 experience points, 19 more were needed to attain level 4.

Basics:
 You had 0 out of 20 hit points.
 You had all 7 energy points (spell power).
 Your armor class was 7.
 Your wallet contained 16 zorkmids.
 Autopickup was on for '$%?!=/"*', with exceptions.

Final Characteristics:
 Your strength was 13 (limit:18/50).
 Your dexterity was 18 (limit:18).
 Your constitution was 12 (limit:18).
 Your intelligence was 14 (limit:16).
 Your wisdom was 9 (limit:16).
 Your charisma was 10 (limit:16).

Final Status:
 You weren't hungry.
 You were unencumbered.
 You were wielding a short sword.
 You had basic skill with short sword.

Final Attributes:
 You were devoutly aligned.
 You were poison resistant.
 You had infravision.
 You were stealthy.
 You were warded.
 You are dead.

Miscellaneous:
 You disabled loading and storing of bones levels.
 Total elapsed playing time was 39 minutes and 26 seconds.

Major events:
 Turn
    1: Derfel the chaotic female orcish Rogue entered the dungeon
  683: entered the Gnomish Mines
 1466: attained the rank of Cutpurse (level 3)
 1722: killed by a little dog, while disrobing

You didn't know any spells.

Skills:
 Fighting Skills
   bare handed combat [Unskilled]
   two weapon combat  [Unskilled]
   riding             [Unskilled]
 Weapon Skills
   dagger             [Basic]
   knife              [Unskilled]
   short sword        [Basic]
   broadsword         [Unskilled]
   long sword         [Unskilled]
   two-handed sword   [Unskilled]
   saber              [Unskilled]
   club               [Unskilled]
   mace               [Unskilled]
   morning star       [Unskilled]
   flail              [Unskilled]
   hammer             [Unskilled]
   polearms           [Unskilled]
   spear              [Unskilled]
   crossbow           [Unskilled]
   dart               [Unskilled]
   shuriken           [Unskilled]
 Spellcasting Skills
   divination spells  [Unskilled]
   escape spells      [Unskilled]
   matter spells      [Unskilled]

Voluntary challenges:
 Character rerolling was not enabled.
 You were an atheist.
 You were illiterate.
 You never genocided any monsters.
 You never polymorphed an object.
 You never changed form.
 You used no wishes.
Achievements:
 You entered a shop.
 You entered the Gnomish Mines.
 You attained the rank of Cutpurse.

 The Dungeons of Doom: levels 1 to 4
    Level 1:
       Many fountains.
    Level 2:
       A food shop, a fountain.
       Stairs down to The Gnomish Mines.
    Level 3: <- You were here.
       A fountain.
       Final resting place for
          you, killed by a little dog, while disrobing.
    Level 4:
 The Gnomish Mines:
    Level 3:


Vanquished creatures:
 an iguana
  a gas spore
  a giant rat
  a yellow mold
  a gecko
  7 jackals
  a fox
  5 kobolds
  2 goblins
  a sewer rat
  a grid bug
  3 lichens
  a kobold zombie
  4 newts
30 creatures vanquished.

No species were genocided or became extinct.

Game over:
                       ----------
                      /          \
                     /    REST    \
                    /      IN      \
                   /     PEACE      \
                  /                  \
                  |      Derfel      |
                  |      16 Au       |
                  |   killed by a    |
                  |    little dog    |
                  |                  |
                  |                  |
                  |       2026       |
                 *|     *  *  *      | *
        _________)/\\_//(\/(/\)/\//\/|_)_______

Goodbye Derfel the Rogue...

You died in The Dungeons of Doom on dungeon level 3 with 409 points,
and 16 pieces of gold, after 1722 moves.
You were level 3 with a maximum of 20 hit points when you died.

